[Event "*** Titled Tuesday Blitz"]
[Site "Chess.com"]
[Date "2020.11.10"]
[Round "1"]
[White "jens1102"]
[Black "MarcoRiehle"]
[Result "1-0"]
[WhiteElo "2370"]
[BlackElo "2683"]
[TimeControl "180+1"]
[EndTime "10:06:50 PST"]
[Termination "jens1102 won by resignation"]

1. c4 c5 2. Nf3 Nf6 3. Nc3 d5 4. cxd5 Nxd5 5. e4 Nb4 6. Bc4 Nd3+ 7. Ke2 Nf4+ 8. Kf1 Be6 9. Bb5+ Nc6 10. d4 Nxg2 11. Kxg2 cxd4 12. Nxd4 Bd7 13. Nxc6 bxc6 14. Bc4 Qc7 15. Qf3 f6 16. Be3 e6 17. Rad1 Be7 18.
Rd2 O-O 19. Rhd1 Bc8 20. Bf4 Qa5 21. Bd6 Bxd6 22. Rxd6 Rb8 23. Bb3 Kh8 24. Qe3 Qh5 25.
Rd8 Ba6 26. Rxb8 Rxb8 27. Qf3 Qf7 28. Qg3 Re8 29. Rd6 Bb7 30. Na4 c5 31. Nxc5 Ba8 32. Rd7 Qf8 33. Nxe6 Bxe4+ 34. f3 Bxf3+ 35. Qxf3 Qb4 36.
Nxg7 Qb5 37. Nxe8 Qg5+ 38. Kf2 Qh4+ 39. Qg3 Qh6 40. Qg7+ Qxg7 41. Nxg7 h6 42. Nh5 1-0

[Event "*** Titled Tuesday Blitz"]
[Site "Chess.com"]
[Date "2020.11.10"]
[Round "1"]
[White "KetiGrant"]
[Black "Sviridov_Valery"]
[Result "0-1"]
[WhiteElo "2399"]
[BlackElo "2781"]
[TimeControl "180+1"]
[EndTime "10:06:52 PST"]
[Termination "Sviridov_Valery won on time"]

1. e4 g6 2. d4 Bg7 3. Nc3 d6 4. Be3 a6 5. Qd2 b5 6. Nf3 Bb7 7. Bd3 Nd7 8. O-O c5 9. d5 Ngf6 10. a3 O-O 11. Bh6 c4 12. Be2 Qc7 13. Bxg7 Kxg7 14.
Rfe1 Rfe8 15. Rad1 Nc5 16. Bf1 Rad8 17. h3 e6 18. Qd4 exd5 19. exd5 Qd7 20. g4 h6 21. Bg2 g5 22. Nd2 Rxe1+ 23. Rxe1 Re8 24. Nce4 Nxe4 25.
Nxe4 Qd8 26. Kh2 Re5 27. Re3 Nxe4 28. Rxe4 Qf6 0-1

[Event "*** Titled Tuesday Blitz"]
[Site "Chess.com"]
[Date "2020.11.10"]
[Round "1"]
[White "kai_nov"]
[Black "elcandado"]
[Result "1-0"]
[WhiteElo "2314"]
[BlackElo "2598"]
[TimeControl "180+1"]
[EndTime "10:06:52 PST"]
[Termination "kai_nov won by resignation"]

1. d4 Nf6 2. c4 e6 3. Nc3 d5 4.
cxd5 Nxd5 5. e4 Nxc3 6. bxc3 c5 7.
a3 Be7 8. Nf3 O-O 9. Bd3 b6 10.
Qe2 Bb7 11. Be3 Nd7 12. O-O Qc7 13. e5 Rfd8 14. Ng5 Nf8 15. Qh5 g6 16. Qg4 cxd4 17.
cxd4 Rac8 18. h4 Qc3 19. Rfd1 Qc6 20. Ne4 h5 21. Qf4 Nh7 22. f3 Rf8 23. Nf6+ Bxf6 24. exf6 Qc7 25. Qh6 Nxf6 26. Bf4 Qd8 27. Be5 Qe7 28. g4 Bxf3 29. g5 Rfd8 30. Bxf6 1-0

[Event "*** Titled Tuesday Blitz"]
[Site "Chess.com"]
[Date "2020.11.10"]
[Round "1"]
[White "juancruzarias"]
[Black "ecwinslow"]
[Result "1-0"]
[WhiteElo "2565"]
[BlackElo "2234"]
[TimeControl "180+1"]
[EndTime "10:06:52 PST"]
[Termination "juancruzarias won by resignation"]

1. d4 Nf6 2. Bg5 c5 3. Nc3 cxd4 4. Qxd4 Nc6 5. Qh4 e6 6. e4 d6 7. O-O-O Be7 8. f4 Bd7 9. Nf3 Qa5 10. Bb5 a6 11. Bxc6 Bxc6 12. e5 dxe5 13. fxe5 Nd5 14.
Nxd5 Bxg5+ 15. Qxg5 Bxd5 16. Qxg7 O-O-O 17. a3 Rhg8 18. Qxh7 Rxg2 19. Qd3 Qc7 20. Rhf1 Bxf3 21. Qxd8+ Qxd8 22. Rxd8+ Kxd8 23. Rxf3 Rxh2 24. Rxf7 Re2 25. Rxb7 Rxe5 26. Ra7 a5 27. Kd2 Rd5+ 28. Kc3 e5 29. Kc4 Rd2 30. Kb3 Rd5 31. c4 Rc5 32. Kc3 Kc8 33.
b3 Kb8 34. Re7 Kc8 35. Kd3 Kd8 36. Ra7 Kc8 37. a4 Kd8 38. Ke4 Kc8 39. Re7 Rc6 40.
Rxe5 Rb6 41. Rb5 1-0

[Event "*** Titled Tuesday Blitz"]
[Site "Chess.com"]
[Date "2020.11.10"]
[Round "1"]
[White "ajedrezhoy"]
[Black "louis198"]
[Result "0-1"]
[WhiteElo "2233"]
[BlackElo "2565"]
[TimeControl "180+1"]
[EndTime "10:06:53 PST"]
[Termination "louis198 won by resignation"]

1. d4 e6 2. c4 d5 3. Nf3 Nc6 4. e3 Nf6 5. Nc3 Bb4 6. Bd2 O-O 7. Rc1 a5 8. Bd3 Re8 9. O-O e5 10. Nxe5 Nxe5 11. dxe5 Rxe5 12. a3 dxc4 13. Bxc4 Bf8 14. Qb3 a4 15. Bxf7+ Kh8 16. Qa2 Ng4 17. Rcd1 Qh4 18.
h3 Nh6 19. f4 Rf5 20. Be6 Bxe6 21. Qxe6 Rf6 22. Qe4 Nf5 23. Qf3 Rg6 24. Ne4 Re8 25. Ng5 Bc5 26. Rde1 h6 27. Nf7+ Kh7 28. Ne5 Rg3 29.
Qf2 Qxh3 30. Re2 Nh4 31. Rc1 Rxg2+ 32. Qxg2 Nxg2 33. Rxg2 Bxe3+ 0-1

[Event "*** Titled Tuesday Blitz"]
[Site "Chess.com"]
[Date "2020.11.10"]
[Round "1"]
[White "FMKonstantin_Twitch"]
[Black "lelya96"]
[Result "1-0"]
[WhiteElo "2551"]
[BlackElo "2203"]
[TimeControl "180+1"]
[EndTime "10:06:53 PST"]
[Termination "FMKonstantin_Twitch won by checkmate"]

1. e4 e5 2. Nf3 Nc6 3. Bb5 a6 4. Ba4 Nf6 5. d3 b5 6. Bb3 Bc5 7. O-O d6 8. c3 O-O 9. h3 h6 10. Re1 Re8 11. Nbd2 Bb7 12. Nf1 Ne7 13. Ng3 Bb6 14.
Be3 c5 15. Bc2 a5 16. d4 Qc7 17. d5 Bc8 18. Nh4 c4 19. Qf3 b4 20. Bxh6 Ng6 21.
Nxg6 fxg6 22. Be3 Bxe3 23. Qxe3 Rf8 24. Rf1 Nd7 25. h4 Rf4 26. h5 Nf8 27. Ne2 Rh4 28. hxg6 Nxg6 29. f4 exf4 30. Nxf4 Ne5 31. Bd1 Bd7 32.
Be2 Rf8 33. Rf2 Bg4 34. Raf1 Bxe2 35. Qxe2 Rf7 36. Ne6 Qe7 37. Rxf7 Nxf7 38. g3 Rh6 39. Qg4 Qa7+ 40. Kg2 Ne5 41. Rf8+ Kh7 42. Qf5+ Rg6 43. Ng5+ Kh6 44. Rh8# 1-0

[Event "*** Titled Tuesday Blitz"]
[Site "Chess.com"]
[Date "2020.11.10"]
[Round "1"]
[White "MillyNeuf"]
[Black "Andreikka"]
[Result "0-1"]
[WhiteElo "2463"]
[BlackElo "2968"]
[TimeControl "180+1"]
[EndTime "10:06:54 PST"]
[Termination "Andreikka won by resignation"]

1. e4 e5 2. Nf3 Nc6 3. Nc3 Bb4 4. Nd5 Ba5 5. c3 d6 6. Bc4 Nf6 7. Qe2 O-O 8. O-O h6 9. h3 Nxd5 10. exd5 Ne7 11. d4 exd4 12. Nxd4 Ng6 13. Bd3 Qf6 14. Qf3 Qxf3 15. Nxf3 Bb6 16. Bd2 Bd7 17. Rfe1 a5 18.
Bxg6 fxg6 19. Be3 Ra6 20. Bd4 Kf7 21. Re2 Re8 22. Rae1 Rxe2 23. Rxe2 a4 24. Bxg7 Bb5 25. c4 Bxc4 26. Rc2 Bxa2 27. Bd4 Ba5 28. Be3 Bxd5 29.
Bxh6 Bxf3 30. gxf3 d5 31. Bg5 c6 32. Re2 Bb4 33.
f4 Bf8 34. Kg2 Rb6 35. h4 Rb3 36. f5 gxf5 37. h5 Rb4 38. f3 d4 39. Re5 Rxb2+ 40.
Kh3 a3 41. Rxf5+ Kg8 42. Ra5 Rb5 43. Rxb5 cxb5 44. Bc1 b4 0-1

[Event "*** Titled Tuesday Blitz"]
[Site "Chess.com"]
[Date "2020.11.10"]
[Round "1"]
[White "HanSchut"]
[Black "Bykov_Egor"]
[Result "0-1"]
[WhiteElo "2201"]
[BlackElo "2549"]
[TimeControl "180+1"]
[EndTime "10:06:54 PST"]
[Termination "Bykov_Egor won by resignation"]

1. e4 Nf6 2. e5 Nd5 3. d4 d6 4. c4 Nb6 5. exd6 cxd6 6. Be3 g6 7. Nc3 Bg7 8. Rc1 Nc6 9. b3 O-O 10. Be2 e5 11. dxe5 dxe5 12. Bc5 Re8 13. Qxd8 Rxd8 14.
Nf3 Bg4 15. O-O Nd7 16. Bd6 Nf8 17. Rfd1 Ne6 18. c5 Nf4 19. Kf1 Nxe2 20. Nxe2 e4 21. Nfg1 Nb4 22. h3 Bxe2+ 23. Nxe2 Nxa2 24. Rc4 e3 25.
fxe3 a5 26. Nd4 Nb4 27. Bc7 Rd7 28. Bxa5 Rxa5 29. Rxb4 Rxc5 30. Rc4 Re5 31. Kf2 f5 32. Rd3 Kf7 33. Nf3 Rxd3 34. Nxe5+ Bxe5 35. Ke2 Rxb3 0-1

[Event "*** Titled Tuesday Blitz"]
[Site "Chess.com"]
[Date "2020.11.10"]
[Round "1"]
[White "redbaron8888"]
[Black "yuki_chess123"]
[Result "1-0"]
[WhiteElo "2546"]
[BlackElo "2191"]
[TimeControl "180+1"]
[EndTime "10:06:55 PST"]
[Termination "redbaron8888 won by resignation"]

1. e4 g6 2. d4 Bg7 3. Nc3 c6 4. Nf3 d5 5. e5 Bg4 6. Be2 e6 7. O-O Nd7 8. h3 Bxf3 9. Bxf3 Ne7 10. Ne2 c5 11. c3 Nc6 12. Be3 cxd4 13. cxd4 O-O 14. Qd2 Qb6 15. Rfd1 f6 16. Nf4 Rae8 17. Rac1 Kh8 18. exf6 Nxf6 19. Kh1 Ne7 20. Nd3 Nf5 21. Ne5 Rc8 22. b3 Ne4 23. Bxe4 dxe4 24. Nd7 Qd6 25.
Nxf8 Rxf8 26. d5 e5 27. Bc5 e3 28. fxe3 Qf6 29. Bxf8 Bxf8 30. Rc8 Kg7 31. Rc7+ Kg8 32.
d6 Bxd6 33. Qd5+ Kh8 34. Rc8+ Kg7 35. Qg8+ Kh6 36. Rxd6 Qxd6 37. Qf8+ Qxf8 38. Rxf8 Nxe3 39. Rf7 Nf5 40. Rxb7 e4 41. g4 Nd4 42. Re7 Ne2 43. Kg2 Nc3 44. Kf1 Kg5 45. Rxh7 Kf4 46. Rxa7 e3 47.
Re7 Ne4 48. Rxe4+ Kxe4 49. h4 Kf3 50. h5 1-0

[Event "*** Titled Tuesday Blitz"]
[Site "Chess.com"]
[Date "2020.11.10"]
[Round "1"]
[White "Flutaga"]
[Black "capatl"]
[Result "0-1"]
[WhiteElo "1993"]
[BlackElo "2499"]
[TimeControl "180+1"]
[EndTime "10:06:55 PST"]
[Termination "capatl won by resignation"]

1. e4 c5 2. Nc3 e6 3. f4 a6 4.
Nf3 b5 5. d4 cxd4 6. Qxd4 Bb7 7. Bd3 Nc6 8. Qf2 Nb4 9. Be3 Nf6 10. h3 d5 11. e5 Nd7 12. O-O g6 13. Rac1 Rc8 14. a3 Nc6 15. Ne2 Na5 16. b3 Bxa3 17. Ra1 Be7 18. Ned4 Nc6 19. Qg3 Nxd4 20. Bxd4 Nc5 21. f5 exf5 22. e6 f6 23. Rae1 Ne4 24. Qh4 O-O 25. Qh6 Rc6 26. Rd1 Bc5 27. Bxc5 Nxc5 28.
h4 Nxe6 29. h5 Qe8 30. hxg6 Qxg6 31. Qxg6+ hxg6 32. Rfe1 Bc8 33. Rxe6 Bxe6 34. Nd4 Rd6 35. Nc6 Rxc6 0-1

[Event "*** Titled Tuesday Blitz"]
[Site "Chess.com"]
[Date "2020.11.10"]
[Round "1"]
[White "RobPeresian"]
[Black "swimmerchess"]
[Result "1-0"]
[WhiteElo "2445"]
[BlackElo "2840"]
[TimeControl "180+1"]
[EndTime "10:06:56 PST"]
[Termination "RobPeresian won on time"]

1. Nf3 Nf6 2. c4 c5 3. Nc3 d5 4.
cxd5 Nxd5 5. Nxd5 Qxd5 6. d3 Nc6 7. g3 Bg4 8. Bg2 e6 9. O-O Be7 10. Be3 O-O 11. a3 Qh5 12. Rc1 Rfd8 13. Qa4 Rac8 14. b4 cxb4 15. axb4 Nxb4 16. Qxa7 Rxc1 17. Rxc1 Nxd3 18. Rd1 h6 19. Qxb7 Ne5 20. Rxd8+ Bxd8 21. Qb8 Bxf3 22. Qxd8+ Kh7 23. exf3 Nxf3+ 24. Bxf3 Qxf3 25. Qd3+ f5 26. Qf1 g5 27. h3 Kg6 28. Qg2 Qd1+ 29. Kh2 h5 30. Qc6 Kf6 31. Qe8 Qf3 32. Qh8+ Kf7 33. Qh7+ Kf8 34. Qh6+ Kf7 35. Qxg5 e5 36. Qh6 Ke7 37. Qg7+ Ke6 38. Qg8+ Kd6 39.
Qf8+ Ke6 40. Qc8+ Kf6 41. Qf8+ Ke6 42. h4 Kd5 43. Qf7+ Kc6 44. Qg6+ Kd5 45. Qg5 Ke4 46. Qd8 f4 47. Qa8+ Kf5 48. Qxf3 1-0

[Event "*** Titled Tuesday Blitz"]
[Site "Chess.com"]
[Date "2020.11.10"]
[Round "1"]
[White "Beltraxtor"]
[Black "MVM2008"]
[Result "1-0"]
[WhiteElo "2540"]
[BlackElo "2182"]
[TimeControl "180+1"]
[EndTime "10:06:56 PST"]
[Termination "Beltraxtor won by resignation"]

1. e4 c5 2. Nf3 d6 3. Bb5+ Bd7 4. Bxd7+ Qxd7 5. c4 g6 6. Nc3 Bg7 7. d4 cxd4 8. Nxd4 Nc6 9. Be3 Nf6 10. h3 O-O 11. O-O Rac8 12. Rc1 Nxd4 13. Qxd4 Ng4 14. Qxa7 Nxe3 15.
Qxe3 Rxc4 16. b3 Rxc3 17. Rxc3 Bxc3 18. Qxc3 Rc8 19. Qd3 Qc6 20. a4 Qc2 21. Qb5 Qxe4 22. a5 Qc6 23. Qe2 Qc7 24. b4 e6 25. g3 d5 26. Qe3 Qc3 27. Qb6 Qc6 28. Qd4 Qb5 29. Rb1 Qc4 30. Qb6 Qc7 31. Qa7 Qb8 32. Qe3 Rc4 33.
b5 Qc7 34. b6 Qc8 35. a6 bxa6 36. b7 Qb8 37. Qb6 Rc2 38. Qxa6 Rxf2 39. Qa8 Kg7 40.
Qxb8 1-0

[Event "*** Titled Tuesday Blitz"]
[Site "Chess.com"]
[Date "2020.11.10"]
[Round "1"]
[White "romulocardoso"]
[Black "FontVella8"]
[Result "0-1"]
[WhiteElo "2057"]
[BlackElo "2506"]
[TimeControl "180+1"]
[EndTime "10:06:58 PST"]
[Termination "FontVella8 won by resignation"]

1. e4 e5 2. Nf3 Nc6 3. d4 exd4 4.
Bc4 Bb4+ 5. c3 dxc3 6. O-O Nf6 7.
e5 d5 8. exf6 dxc4 9. fxg7 Rg8 10. bxc3 Bc5 11. Qxd8+ Nxd8 12. Bh6 Bf5 13. Re1+ Ne6 14.
Re5 O-O-O 15. Nbd2 Bd3 16. Ng5 Bd6 17. Ree1 Nxg5 18. Bxg5 Rd7 19. Bf6 Bf4 20. Nf3 Rd6 21.
Bd4 f6 22. Bc5 Rxg7 23. Bxd6 cxd6 24. Nd4 Be5 25. Rac1 Kd7 26. g3 d5 27. f4 Bd6 28. Nf5 Bxf5 29. Rcd1 Be4 30. Kf2 f5 31. Re3 Bc5 32. Rd4 Bxd4 33. cxd4 Kc6 34. Ra3 a6 35.
Ra5 Rg6 36. a4 Kb6 37. Rc5 Rc6 38. a5+ Kc7 39. Rxd5 Bxd5 40. g4 c3 41. h4 c2 42.
g5 c1=Q 43. h5 Qd2+ 0-1

[Event "*** Titled Tuesday Blitz"]
[Site "Chess.com"]
[Date "2020.11.10"]
[Round "1"]
[White "annacramling"]
[Black "Alomaterapia"]
[Result "0-1"]
[WhiteElo "2014"]
[BlackElo "2503"]
[TimeControl "180+1"]
[EndTime "10:06:58 PST"]
[Termination "Alomaterapia won by resignation"]

1. Nf3 g6 2. d4 Bg7 3. e4 c6 4. Nc3 d5 5. e5 Bg4 6. Be2 e6 7. Bf4 Ne7 8. h3 Bxf3 9. Bxf3 O-O 10.
Qd2 c5 11. dxc5 Nd7 12. Qd4 Nc6 13. Qd2 Ndxe5 14. Be2 Qa5 15. O-O Qxc5 16. Rfe1 Rac8 17. Rac1 Rfd8 18. Bg5 Re8 19. Qf4 Qb4 20. Bb5 Qxb2 21.
Bxc6 Nxc6 22. Bf6 Qb4 23. Qf3 Nd4 24. Bxd4 Qxd4 25. Ne2 Qa4 26. Nf4 Bh6 27. Rb1 Qxf4 28. Qd3 b6 29. c3 Qc7 30. Rb3 Qc4 31. Qb1 Bg7 32. Rc1 d4 33. Rd1 dxc3 34. Qc2 Red8 35. Rxd8+ Rxd8 0-1

[Event "*** Titled Tuesday Blitz"]
[Site "Chess.com"]
[Date "2020.11.10"]
[Round "1"]
[White "AttractiveMustard"]
[Black "XDPS"]
[Result "0-1"]
[WhiteElo "2401"]
[BlackElo "2800"]
[TimeControl "180+1"]
[EndTime "10:06:59 PST"]
[Termination "XDPS won on time"]

1. e4 c5 2. Nf3 d6 3. d4 cxd4 4. Nxd4 Nf6 5. Nc3 a6 6. Be3 e6 7. Qd2 b5 8. f3 b4 9. Nce2 e5 10.
Nb3 Nc6 11. Rd1 Be6 12. Ng3 Be7 13. Be2 O-O 14. O-O Qc7 15. Kh1 Rfd8 16. Bg5 h6 17.
Bxh6 gxh6 18. Qxh6 Nh7 19. f4 Kh8 20. f5 Bxb3 21.
cxb3 Bg5 22. Qh5 Bf4 23. Rd3 Rg8 24. f6 Bxg3 25. hxg3 Nd4 26. Bd1 Rg5 27. Qh6 Rg6 28. Qh4 Qc1 29. Kg1 Qg5 30. Qh3 Rxf6 31. Rf5 Nxf5 0-1

[Event "*** Titled Tuesday Blitz"]
[Site "Chess.com"]
[Date "2020.11.10"]
[Round "1"]
[White "chito89"]
[Black "zverr1"]
[Result "1-0"]
[WhiteElo "2853"]
[BlackElo "2424"]
[TimeControl "180+1"]
[EndTime "10:07:00 PST"]
[Termination "chito89 won by checkmate"]

1. d4 Nf6 2. c4 c5 3. d5 b5 4. cxb5 a6 5. e3 e6 6. Nc3 Bb7 7.
e4 exd5 8. bxa6 Nxa6 9. exd5 Bd6 10. Bc4 O-O 11. Nge2 Ng4 12. h3 Nxf2 13. Kxf2 Qh4+ 14. g3 Qxc4 15. Bf4 Bxf4 16. Nxf4 d6 17. Qb3 Qxb3 18. axb3 Nb4 19. h4 g6 20. Ra4 Rfe8 21. Rha1 h6 22. Nb5 Bxd5 23. Nxd5 Rxa4 24. Nf6+ Kf8 25. bxa4 Nd3+ 26. Kg1 Re6 27. a5 Nb4 28. Nd7+ Ke7 29. Nb6 d5 30. a6 Nxa6 31. Rxa6 Re2 32. Nxd5+ Kf8 33. b3 Rb2 34. Ra3 Kg7 35. Nbc3 Rd2 36. Ra7 Rb2 37. Rb7 g5 38. hxg5 hxg5 39. Ne4 Kg6 40. Nxc5 f5 41. Rb6+ Kh5 42. Nf6+ Kg6 43. Nd3 Rd2 44. Ne4+ Kh5 45. Nxd2 Kg4 46. Kg2 f4 47.
Ne5+ Kh5 48. g4+ Kh4 49. Ndf3# 1-0

[Event "*** Titled Tuesday Blitz"]
[Site "Chess.com"]
[Date "2020.11.10"]
[Round "1"]
[White "giantslayer83"]
[Black "Forantes"]
[Result "1-0"]
[WhiteElo "2702"]
[BlackElo "2354"]
[TimeControl "180+1"]
[EndTime "10:07:00 PST"]
[Termination "giantslayer83 won by checkmate"]

1. c4 Nf6 2. Nc3 e5 3. Nf3 Nc6 4. e3 a5 5. Qc2 Bc5 6. a3 d6 7. b3 O-O 8. Bb2 Ne7 9. Bd3 Ng6 10.
h4 Bg4 11. Ng5 h6 12. Nxf7 Rxf7 13. Bxg6 Re7 14. Ne4 Nxe4 15. Qxe4 Be6 16. h5 Rb8 17. Bh7+ Kf8 18. Bf5 Bxf5 19. Qxf5+ Rf7 20. Qg4 Qf6 21. f3 b5 22. Bc3 bxc4 23. bxc4 a4 24. Ke2 Ke7 25.
Rhb1 Rff8 26. Bb4 Bxb4 27. axb4 Ra8 28. b5 Rfb8 29. Ra3 c6 30. Rb4 cxb5 31. cxb5 Qg5 32. Raxa4 Qxg4 33. Rxg4 Rxa4 34. Rxa4 Rxb5 35. Ra7+ Kf6 36.
Rd7 Rb6 37. g4 Rc6 38. Kd3 Ra6 39. Ke4 Ke6 40. Rxg7 d5+ 41. Kd3 Ra3+ 42. Ke2 e4 43. Rg6+ Kf7 44. Rxh6 exf3+ 45. Kxf3 d4 46. Rd6 dxe3 47.
dxe3 Kg7 48. g5 Ra5 49. Kf4 Kh7 50. Rd7+ Kh8 51. h6 Ra8 52. g6 Rf8+ 53. Kg5 Re8 54. e4 Kg8 55. h7+ Kh8 56. Kh6 Rg8 57. g7+ Rxg7 58. Rd8+ Rg8 59. Rxg8# 1-0

[Event "*** Titled Tuesday Blitz"]
[Site "Chess.com"]
[Date "2020.11.10"]
[Round "1"]
[White "queen_iryna"]
[Black "pedromartinez91"]
[Result "1/2-1/2"]
[WhiteElo "2274"]
[BlackElo "2574"]
[TimeControl "180+1"]
[EndTime "10:07:00 PST"]
[Termination "Game drawn by repetition"]

1. e4 b6 2. Nf3 Bb7 3. d3 e6 4. Be2 c5 5. O-O Nc6 6. Nbd2 Nf6 7. c3 d5 8. Re1 Be7 9. Bf1 a5 10. b3 O-O 11. Bb2 Qc7 12. e5 Nd7 13. d4 cxd4 14. cxd4 Rfc8 15. Rc1 Qd8 16. Bd3 Ba6 17. Bxa6 Rxa6 18.
Nf1 Raa8 19. Ne3 a4 20. bxa4 Nb4 21. Qb3 Nc6 22. h3 Na5 23. Qb5 h6 24. Ng4 Nc4 25. Bc3 Qe8 26. Nd2 Nxd2 27. Bxd2 Nf8 28. Qxb6 Rxa4 29.
Rxc8 Qxc8 30. Rc1 Rc4 31. Rxc4 Qxc4 32. Be3 Qxa2 33. Qb8 h5 34. Nh2 Qa4 35. Nf3 Qd7 36. Kh2 Qd8 37. Qb5 Ng6 38. Qe2 h4 39. Qd2 Qa8 40.
Bg5 Qd8 41. Bxe7 Qxe7 42. Qb2 Qa7 43. Qc3 Qe7 44. Qc8+ Nf8 45. Qb8 Kh7 46. Qb1+ Ng6 47. Qc1 Qd8 48. Ng5+ Kg8 49. Nf3 Qe7 50. Qc8+ Kh7 51.
Qc2 Kg8 52. Qc8+ 1/2-1/2

[Event "*** Titled Tuesday Blitz"]
[Site "Chess.com"]
[Date "2020.11.10"]
[Round "1"]
[White "nochewycandy"]
[Black "parintele_chess"]
[Result "1-0"]
[WhiteElo "2528"]
[BlackElo "2143"]
[TimeControl "180+1"]
[EndTime "10:07:00 PST"]
[Termination "nochewycandy won by resignation"]

1. e4 d6 2. d4 Nf6 3. Nc3 g6 4. Be2 Bg7 5. Nf3 O-O 6. O-O e5 7. dxe5 dxe5 8. Qxd8 Rxd8 9. Nxe5 Re8 10. Bf4 Nxe4 11.
Nxe4 Bxe5 12. Bxe5 Rxe5 13. Bf3 Bf5 14. Rfe1 Nc6 15. c3 Bxe4 16. Rxe4 Rxe4 17. Bxe4 Rd8 18. Kf1 f5 19. Bc2 Ne5 20. Rd1 Rxd1+ 21. Bxd1 Nd3 22. b4 Kf8 23. g3 Nc1 24. a3 Na2 25. c4 Nc3 26. Bc2 b5 27. cxb5 Nxb5 28. a4 Nd4 29. Bd3 Ke7 30. f4 Kd6 31. Bc4 Ne6 32. Kf2 h6 33. h4 g5 34. fxg5 hxg5 35. h5 Nf8 36. Ke3 Ke5 37. Bg8 f4+ 38. gxf4+ gxf4+ 39. Kf3 Kf5 40. h6 Kg6 41. h7 Nxh7 42. Bxh7+ Kxh7 43. Kxf4 Kg7 44. Ke5 Kf7 45. Kd5 Ke7 46. Kc6 Kd8 47. Kb7 Kd7 48. Kxa7 Kc8 49. b5 Kd7 50. Kb7 Kd6 51.
a5 c5 52. bxc6 1-0

[Event "*** Titled Tuesday Blitz"]
[Site "Chess.com"]
[Date "2020.11.10"]
[Round "1"]
[White "Make_it_shine060"]
[Black "Stormeman100100"]
[Result "0-1"]
[WhiteElo "2172"]
[BlackElo "2539"]
[TimeControl "180+1"]
[EndTime "10:07:01 PST"]
[Termination "Stormeman100100 won by checkmate"]

1. d4 Nf6 2. c4 e6 3. Nf3 d5 4.
Nc3 Bb4 5. cxd5 exd5 6. Bg5 h6 7.
Bh4 c6 8. e3 Bf5 9. Qb3 Qb6 10.
Nd2 Nbd7 11. Be2 O-O 12. O-O Rfe8 13. a3 Bd6 14. Bg3 Bxg3 15. hxg3 a5 16. Qxb6 Nxb6 17.
b3 a4 18. b4 Nc8 19. b5 Nd6 20. Rfc1 Ra5 21. bxc6 bxc6 22. Na2 Nb5 23. Nb4 Nxd4 24. exd4 Rxe2 25. Nxc6 Rb5 26. Nf3 Rbb2 27. Kh1 Rxf2 28. Ne7+ Kh7 29. Nxf5 Rxg2 30. Rg1 Rgf2 31. Raf1 Rfc2 32.
Ne3 Rc3 33. Re1 Rbb3 34. Nd2 Rxe3 35. Nxb3 Rxb3 36. Rb1 Rxa3 37. Rb7 Kg6 38. Re1 Ne4 39.
Kh2 Ra2+ 40. Kh3 f5 41. Rb6+ Kh5 42. Rf1 Ng5# 0-1

[Event "*** Titled Tuesday Blitz"]
[Site "Chess.com"]
[Date "2020.11.10"]
[Round "1"]
[White "kasparicy"]
[Black "German_Bazeev"]
[Result "0-1"]
[WhiteElo "2381"]
[BlackElo "2736"]
[TimeControl "180+1"]
[EndTime "10:07:02 PST"]
[Termination "German_Bazeev won by resignation"]

1. e4 c6 2. d4 d5 3. f3 e6 4. Be3 Qb6 5. Nc3 Qxb2 6. Nge2 Nf6 7. Rb1 Qa3 8. Rb3 Qa5 9. Qd2 Nbd7 10. e5 Ng8 11.
Ng3 h5 12. Bd3 h4 13. Nge2 c5 14. dxc5 Bxc5 15. O-O a6 16. Kh1 h3 17. g3 Nxe5 18. Nxd5 Qxd2 19. Nc7+ Kd8 20. Bxd2 Kxc7 21. Bf4 Bf8 22.
Bxe5+ Bd6 23. Bxd6+ Kxd6 24. Rd1 Ke7 25. Rc3 Nf6 26. Rc7+ Bd7 27. Rxb7 Rhb8 28. Rxb8 Rxb8 29. Bxa6 Ra8 30. Bc4 e5 31. Kg1 Bc6 32. Kf2 g5 33.
Bb3 g4 34. f4 Ne4+ 35. Ke3 f6 36. Bd5 Bxd5 37. Rxd5 Nd6 38. fxe5 Nc4+ 39. Ke4 Nxe5 40. Nc3 Rc8 41. Ne2 Rxc2 42. Nd4 Rxh2 43. Nf5+ Kf7 44. Rd7+ Nxd7 0-1

[Event "*** Titled Tuesday Blitz"]
[Site "Chess.com"]
[Date "2020.11.10"]
[Round "1"]
[White "zajka-molotok"]
[Black "PawnEatingZombie"]
[Result "1-0"]
[WhiteElo "2538"]
[BlackElo "2178"]
[TimeControl "180+1"]
[EndTime "10:07:02 PST"]
[Termination "zajka-molotok won on time"]

1. c4 e6 2. Nc3 d5 3. e3 Nf6 4. b3 Bd6 5. Bb2 b6 6. Nf3 Bb7 7. g3 O-O 8. Bg2 dxc4 9. bxc4 c5 10. O-O a6 11. Qe2 Nc6 12. Rad1 Qe7 13. Ne1 Rac8 14. f4 Rfd8 15. g4 Nb4 16. g5 Ne8 17. Nf3 Bb8 18. d3 b5 19. cxb5 axb5 20. a3 Nc6 21. Nxb5 Ba6 22. a4 Nb4 23. Ne5 Nd6 24. Nxd6 Bxd6 25. Nc4 Bc7 26. Be4 Rd7 27. Qh5 g6 28. Qh6 Qf8 29. Qh3 Rcd8 30. Bf6 Rb8 31. Qg2 1-0

[Event "*** Titled Tuesday Blitz"]
[Site "Chess.com"]
[Date "2020.11.10"]
[Round "1"]
[White "BogdanDeac"]
[Black "maxip32"]
[Result "1-0"]
[WhiteElo "2807"]
[BlackElo "2404"]
[TimeControl "180+1"]
[EndTime "10:07:03 PST"]
[Termination "BogdanDeac won by resignation"]

1. Nf3 Nf6 2. c4 g6 3. Nc3 Bg7 4. g3 O-O 5. Bg2 d6 6. d4 Nbd7 7. O-O e5 8. Qc2 exd4 9. Nxd4 Re8 10. Rd1 Nc5 11. e4 a5 12. Bf4 Nfd7 13. Ndb5 Ne5 14. Bxe5 Bxe5 15. f4 Bxc3 16. Nxc3 Bd7 17. e5 dxe5 18.
Qf2 b6 19. Bxa8 Qxa8 20. Nd5 Qc6 21. fxe5 Rxe5 22. Re1 Rxe1+ 23. Rxe1 Kg7 24. Qd4+ Kh6 25.
Qf4+ Kg7 26. Qxc7 Qxc7 27. Nxc7 Bc6 28. Nd5 Nd3 29. Re2 b5 30. b3 bxc4 31. bxc4 Nb4 32.
Nxb4 axb4 33. Rb2 1-0

[Event "*** Titled Tuesday Blitz"]
[Site "Chess.com"]
[Date "2020.11.10"]
[Round "1"]
[White "TigrVShlyape"]
[Black "SanchezKelvin"]
[Result "1-0"]
[WhiteElo "2867"]
[BlackElo "2437"]
[TimeControl "180+1"]
[EndTime "10:07:04 PST"]
[Termination "TigrVShlyape won by resignation"]

1. d4 Nf6 2. Nf3 c5 3. d5 g6 4. Nc3 Bg7 5. e4 O-O 6. Be2 d6 7. O-O Bg4 8. Nd2 Bxe2 9. Qxe2 e6 10. Nc4 exd5 11. exd5 Re8 12. Qf3 Nfd7 13. Ne4 Ne5 14. Nxe5 Rxe5 15. Bf4 Rf5 16. Nxd6 Rf6 17. Rfe1 Rxd6 18.
Bxd6 Qxd6 19. Re8+ Bf8 20. Rae1 a5 21. Qg3 Kg7 22. Qc3+ Kg8 23. Qe5 Qxe5 24. R1xe5 Kg7 25. Rd8 Nc6 26. Rxa8 Nxe5 27. Rxa5 Bd6 28. Rb5 Nd7 29.
Rxb7 Nf6 30. c4 Ne4 31. a4 Nd2 32. b3 Nxc4 33. bxc4 1-0

[Event "*** Titled Tuesday Blitz"]
[Site "Chess.com"]
[Date "2020.11.10"]
[Round "1"]
[White "ShcufNaiRolf"]
[Black "Witik"]
[Result "0-1"]
[WhiteElo "2335"]
[BlackElo "2663"]
[TimeControl "180+1"]
[EndTime "10:07:04 PST"]
[Termination "Witik won on time"]

1. e4 c5 2. Nf3 Nc6 3. d4 cxd4 4. Nxd4 g6 5. Nc3 Bg7 6. Be3 Nf6 7. Bc4 O-O 8. Bb3 Qa5 9. O-O d6 10. h3 Bd7 11. Re1 Rfc8 12. Nd5 Nxd5 13. exd5 Ne5 14.
Qe2 Qc7 15. c3 h5 16. Rad1 Bf6 17. Nf3 Nc4 18. Bd4 b5 19. Bxf6 exf6 20. Nd4 Kg7 21. Qc2 Re8 22. Kf1 Re5 23. Nf3 Bf5 24. Qc1 Rxe1+ 25.
Rxe1 a5 26. Kg1 Qc5 27. Bxc4 bxc4 28. Qd2 Bd3 29. Qf4 Qxd5 30. Re7 g5 31. Qe3 Rb8 0-1

[Event "*** Titled Tuesday Blitz"]
[Site "Chess.com"]
[Date "2020.11.10"]
[Round "1"]
[White "Mikasinski"]
[Black "canary2016"]
[Result "1-0"]
[WhiteElo "2501"]
[BlackElo "2009"]
[TimeControl "180+1"]
[EndTime "10:07:04 PST"]
[Termination "Mikasinski won by resignation"]

1. e4 c5 2. Nf3 d6 3. d4 cxd4 4. Nxd4 Nf6 5. Nc3 a6 6. Be2 e5 7. Nf3 Be7 8. Bg5 O-O 9. Bxf6 Bxf6 10. Bc4 Be6 11. Bb3 Nc6 12. O-O Rc8 13. h3 Qc7 14. Nd5 Bxd5 15. Bxd5 Nb4 16. c3 Nxd5 17. Qxd5 Qc6 18.
Rad1 Rfd8 19. Rd3 Qb6 20. Qb3 Rc6 21. Rfd1 h6 22. Nd2 Qxb3 23. axb3 b5 24. b4 Be7 25.
Rd5 Ra8 26. Nb3 Rc4 27. f3 g6 28. Ra1 Kg7 29. Rxb5 Bg5 30. Rd5 Be7 31. Kf1 f5 32. b5 fxe4 33. Rxa6 Rb8 34. Nd2 Rc7 35. Nxe4 Rcb7 36. c4 Rc7 37. b3 Rd7 38. Nc5 dxc5 39. Rxd7 Kf7 40. Raa7 Re8 41. b6 Ke6 42. Rxe7+ Rxe7 43.
Rxe7+ Kxe7 44. b7 Kd7 45. b8=Q Kc6 46. Qxe5 1-0